[Event "ETCC Women 2013"]
[Site "Warsaw"]
[Date "2013.11.12"]
[Round "5"]
[White "Gronnestad, Anita"]
[Black "Novak, Ksenija"]
[Result "1-0"]
[ECO "A20"]
[WhiteElo "1958"]
[BlackElo "2082"]
[PlyCount "167"]
[EventDate "2013.??.??"]
[EventCountry "POL"]
[WhiteTeam "Norway"]
[BlackTeam "Slovenia"]
[WhiteTeamCountry "NOR"]
[BlackTeamCountry "SLO"]
[TimeControl "40/5400+30:1800+30"]

1. c4 e5 2. g3 Nf6 3. Bg2 c6 4. d4 exd4 5. Qxd4 d5 6. Nf3 dxc4 7. Qxc4 Be6 8.
Qc2 Bb4+ 9. Bd2 Bxd2+ 10. Nbxd2 O-O 11. O-O Qa5 12. Nd4 Bg4 13. h3 Qb6 14. e3 Bd7 15. Rad1 c5 16. Nc4 Qa6 17. Nb3 Be6 18.
Nd6 Nbd7 19. Bxb7 Qxa2 20. Nd2 Bxh3 21. Bxa8 Bxf1 22. Rxf1 Rxa8 23. N2c4 g6 24. Rd1 Rf8 25. Qc3 Qa4 26. b3 Qc6 27. e4 Ne8 28.
Na5 Qc7 29. Nb5 Qc8 30. Nxa7 Qc7 31. N7c6 Nb8 32. Qxc5 Nxc6 33.
Nxc6 Kg7 34. b4 f5 35. Nd4 Qxc5 36. bxc5 Nc7 37. exf5 gxf5 38. Ne2 Rf7 39. Nf4 Re7 40. c6 Kf7 41. Kg2 Ne6 42. Nd5 Ra7 43. Rb1 Kg6 44. Rb6 Kh5 45. Rb7 Ra5 46. Nf6+ Kg6 47. Nd7 f4 48. c7 Nxc7 49. Rxc7 fxg3 50. Kxg3 Ra3+ 51. f3 h5 52. Rc5 Ra7 53. Ne5+ Kf6 54. Nc6 Rg7+ 55. Kh4 Rg1 56. Kxh5 Rg3 57. f4 Rg1 58. Ne5 Rh1+ 59. Kg4 Rg1+ 60. Kf3 Rf1+ 61. Ke3 Re1+ 62. Kf2 Ra1 63. Ng4+ Ke7 64. Rc6 Ra3 65. Ne3 Kf7 66. Kf3 Ke7 67. Ke4 Kf7 68. Nd5 Ra5 69. Rc7+ Ke6 70.
Rc6+ Kd7 71. Rh6 Ra1 72. f5 Re1+ 73. Ne3 Ke7 74. Re6+ Kf7 75. Kf4 Re2 76. Kg5 Re1 77. Rf6+ Kg7 78. Rg6+ Kf7 79. Ng4 Rg1 80. Ra6 Kg7 81. f6+ Kh8 82. Ra8+ Kh7 83. f7 Rf1 84. Nf6+ 1-0

[Event "ETCC Women 2013"]
[Site "Warsaw"]
[Date "2013.11.12"]
[Round "5"]
[White "Gunina, Valentina"]
[Black "Paehtz, Elisabeth"]
[Result "1/2-1/2"]
[ECO "D16"]
[WhiteElo "2509"]
[BlackElo "2449"]
[PlyCount "107"]
[EventDate "2013.??.??"]
[EventCountry "POL"]
[WhiteTeam "Russia"]
[BlackTeam "Germany"]
[WhiteTeamCountry "RUS"]
[BlackTeamCountry "GER"]
[TimeControl "40/5400+30:1800+30"]

1. d4 d5 2. c4 c6 3. Nf3 Nf6 4. Nc3 dxc4 5. a4 Na6 6. Ne5 Ng4 7. Nxc4 e5 8. e3 exd4 9. exd4 Nb4 10. Be2 Qxd4 11. O-O Qxd1 12. Rxd1 Nf6 13. Bf4 Nbd5 14. Be5 Be6 15. Na5 O-O-O 16. Nb5 Bb4 17. Nxa7+ Kd7 18. Nxb7 Ra8 19. Bd4 Kc7 20. Nc5 Bxc5 21. Bxc5 Kb7 22. Rac1 Rhb8 23. Nxc6 Kxc6 24. Ba7+ Kb7 25. Bxb8 Kxb8 26. Bb5 Ka7 27. Rc6 Rc8 28. Rxc8 Bxc8 29. f3 Kb6 30. Kf2 Be6 31. Rd4 Nc7 32. Be2 Ka5 33.
Bd1 Na6 34. g4 Nb4 35. g5 Nd7 36. h4 Nc5 37. Rd8 Nbd3+ 38. Ke3 Nxb2 39. Bc2 g6 40. Kd4 Nbxa4 41. f4 Kb5 42. Rh8 Nb6 43. h5 gxh5 44. Rxh7 Ncd7 45. Be4 Nc5 46. Bf3 Nb3+ 47. Ke5 Nd7+ 48. Kd6 Nd4 49. Be4 Nc5 50. Bd5 Nf5+ 51. Ke5 Nd7+ 52. Ke4 Nc5+ 53. Ke5 Nd7+ 54. Ke4 1/2-1/2

[Event "ETCC Women 2013"]
[Site "Warsaw"]
[Date "2013.11.12"]
[Round "5"]
[White "Haast, Anne"]
[Black "Foisor, Cristina-Adela"]
[Result "1-0"]
[ECO "B28"]
[WhiteElo "2262"]
[BlackElo "2347"]
[PlyCount "147"]
[EventDate "2013.??.??"]
[EventCountry "POL"]
[WhiteTeam "Netherlands"]
[BlackTeam "Romania"]
[WhiteTeamCountry "NED"]
[BlackTeamCountry "ROU"]
[TimeControl "40/5400+30:1800+30"]

1. e4 c5 2. Nf3 a6 3. c4 d6 4. d4 Bg4 5. dxc5 Qa5+ 6. Nc3 Qxc5 7. Be3 Qa5 8.
Be2 Nf6 9. O-O Nbd7 10. a3 e6 11. b4 Qc7 12. Rc1 Be7 13. h3 Bh5 14. g4 Bg6 15. Nd2 e5 16. g5 Ng8 17. Nb3 h6 18. h4 hxg5 19. hxg5 Rh4 20. Bf3 Qd8 21. Qd2 Nf8 22. c5 Ne6 23. cxd6 Nxg5 24. Bg2 Bf6 25.
d7+ Kf8 26. Nc5 Rb8 27. Qd6+ Ne7 28. Nd5 Kg8 29. Nxf6+ gxf6 30.
Qxf6 Nh3+ 31. Bxh3 Rxh3 32. Bg5 Nc6 33. Qxg6+ fxg6 34. Bxd8 Rxd8 35. Nxb7 Rxd7 36. Rxc6 Rxb7 37. Rxa6 Kg7 38. Kg2 Rb3 39. Rd1 Rf7 40. Rdd6 Rbf3 41. Rd2 Rb3 42. Ra5 Rf4 43. Rxe5 Rxa3 44. b5 Rb3 45. Rd7+ Kh6 46. Re8 Rg4+ 47. Kf1 Rxb5 48. f3 Rf4 49. Kg2 Kg5 50.
Kg3 Rf6 51. e5 Rf5 52. Rd3 Kh6 53. f4 Rf7 54. e6 Rh7 55. Kg4 Rbb7 56. Rg8 Rb5 57. Rh3+ Rh5 58. Rxh5+ gxh5+ 59. Kf5 Ra7 60. Rh8+ Kg7 61. Rxh5 Ra5+ 62. Kg4 Ra1 63. Re5 Kf8 64. Kf5 Rh1 65. Kf6 Rh7 66. Ra5 Rf7+ 67. Ke5 Rb7 68. f5 Kg7 69. f6+ Kg6 70. e7 Rb8 71. Rd5 Re8 72.
Rd8 Kf7 73. Rxe8 Kxe8 74. Kd6 1-0

[Event "ETCC Women 2013"]
[Site "Warsaw"]
[Date "2013.11.12"]
[Round "5"]
[White "Heinatz, Dr. Gundula"]
[Black "Havlikova, Kristyna"]
[Result "0-1"]
[ECO "A48"]
[WhiteElo "2169"]
[BlackElo "2237"]
[PlyCount "88"]
[EventDate "2013.??.??"]
[EventCountry "POL"]
[WhiteTeam "Switzerland"]
[BlackTeam "Czech Republic"]
[WhiteTeamCountry "SUI"]
[BlackTeamCountry "CZE"]
[TimeControl "40/5400+30:1800+30"]

1. d4 Nf6 2. Nf3 g6 3. Bg5 Bg7 4. Nbd2 d5 5. e3 O-O 6. Bd3 c5 7. c3 Qb6 8.
Rb1 Nc6 9. O-O e5 10. Bxf6 Bxf6 11. e4 Be6 12. dxc5 Qxc5 13. b4 Qb6 14. Qe2 Rfe8 15. a4 Qc7 16. Rfc1 h6 17. b5 Ne7 18. c4 dxe4 19. Nxe4 Bg7 20. Nc3 Nf5 21. Be4 Nd4 22. Qe3 Kh7 23. Bd5 Rac8 24. Bxe6 Rxe6 25. Nd5 Qc5 26. Ne1 h5 27. Nd3 Qd6 28. Rc3 Bh6 29. f4 Nf5 30.
Qxa7 Rxc4 31. Nxe5 Rxe5 32. Rxc4 Rxd5 33. Rf1 Qe7 34. Qf2 Bg7 35. Re1 Qd6 36. Kh1 Rd2 37. Qf3 Qd7 38. b6 Nh4 39. Qe4 Rxg2 40.
f5 Rg4 41. fxg6+ fxg6 42. Qe2 Qd5+ 43. Re4 Bc3 44. Qb5 Rxe4 0-1

[Event "ETCC Women 2013"]
[Site "Warsaw"]
[Date "2013.11.12"]
[Round "5"]
[White "Hernandez Estevez, Yudania"]
[Black "Rakic, Marija"]
[Result "0-1"]
[ECO "B06"]
[WhiteElo "2284"]
[BlackElo "2291"]
[PlyCount "110"]
[EventDate "2013.??.??"]
[EventCountry "POL"]
[WhiteTeam "Spain"]
[BlackTeam "Serbia"]
[WhiteTeamCountry "ESP"]
[BlackTeamCountry "SRB"]
[TimeControl "40/5400+30:1800+30"]

1. e4 g6 2. d4 Bg7 3. Nc3 d6 4. Be3 a6 5. Qd2 b5 6. Bd3 Nd7 7. Nf3 c5 8.
dxc5 Nxc5 9. O-O Bg4 10. Nd4 Nf6 11. f3 Bd7 12. Kh1 O-O 13. Bh6 Bxh6 14. Qxh6 Nxd3 15. cxd3 Qb6 16. Nce2 Nh5 17. Nc2 Ng7 18. Ne3 Be6 19. Nc3 Qd4 20. Ncd5 Ra7 21. Rab1 Bxd5 22. Nxd5 Qxd3 23. Rfd1 Qe2 24. Rdc1 Ne6 25. Rc6 Nd4 26. Rxa6 Rd7 27. Rxd6 Nf5 28. Qxf8+ Kxf8 29. Rxd7 Nh4 30. Rg1 Qxb2 31. Rxe7 Qxa2 32. Rb7 Qc4 33. Nf4 Qc6 34. Rb8+ Kg7 35. Nd5 Qc5 36. Rb7 h5 37. Rc7 Qf2 38. Rb7 Nxf3 39. gxf3 Qxf3+ 40. Rg2 h4 41. h3 Qxe4 42. Rxb5 Qd3 43. Rgb2 Qxh3+ 44. Kg1 Qg3+ 45. Kh1 g5 46. Rg2 Qe1+ 47. Kh2 Qe5+ 48. Kh3 Qf5+ 49. Kh2 g4 50. Kg1 g3 51. Nc3 Qd3 52. Rb3 h3 53. Re2 Qf3 54. Ra3 g2 55.
Re1 Qg3 0-1

[Event "ETCC Women 2013"]
[Site "Warsaw"]
[Date "2013.11.12"]
[Round "5"]
[White "Iwanow, Anna"]
[Black "Makropoulou, Marina"]
[Result "1/2-1/2"]
[ECO "C71"]
[WhiteElo "2206"]
[BlackElo "2234"]
[PlyCount "92"]
[EventDate "2013.??.??"]
[EventCountry "POL"]
[WhiteTeam "Poland"]
[BlackTeam "Greece"]
[WhiteTeamCountry "POL"]
[BlackTeamCountry "GRE"]
[TimeControl "40/5400+30:1800+30"]

1. e4 e5 2. Nf3 Nc6 3. Bb5 a6 4. Ba4 d6 5. d4 b5 6. Bb3 Nxd4 7. Nxd4 exd4 8.
c3 d3 9. a4 Nf6 10. axb5 Be7 11. Qxd3 O-O 12. bxa6 c6 13. Be3 Ng4 14. a7 d5 15. exd5 Nxe3 16. fxe3 Bc5 17. O-O Rxa7 18. Rxa7 Bxa7 19. Kh1 cxd5 20. Bxd5 Kh8 21. Nd2 Bxe3 22. Nc4 Ba6 23. Qf5 Bxc4 24. Bxc4 f6 25. Qh3 Qd2 26. Qf3 Bb6 27. Bd3 Qg5 28. Qe4 g6 29. b4 f5 30.
Qe5+ Qf6 31. Qxf6+ Rxf6 32. c4 Be3 33. c5 Kg7 34. Bc4 f4 35.
Rd1 Kf8 36. Bd5 Ke7 37. Bf3 Rf8 38. c6 Rd8 39. Re1 Kd6 40. g4 Kc7 41. b5 g5 42. Ra1 h6 43. Rd1 Rxd1+ 44. Bxd1 Bb6 45. Kg2 Kd6 46. Kf3 Ke5 1/2-1/2

[Event "ETCC Women 2013"]
[Site "Warsaw"]
[Date "2013.11.12"]
[Round "5"]
[White "Kachiani-Gersinska, Ketino"]
[Black "Kosteniuk, Alexandra"]
[Result "0-1"]
[ECO "A06"]
[WhiteElo "2365"]
[BlackElo "2510"]
[PlyCount "72"]
[EventDate "2013.??.??"]
[EventCountry "POL"]
[WhiteTeam "Germany"]
[BlackTeam "Russia"]
[WhiteTeamCountry "GER"]
[BlackTeamCountry "RUS"]
[TimeControl "40/5400+30:1800+30"]

1. Nf3 d5 2. c4 e6 3. b3 Nf6 4. Bb2 b6 5. g3 Bb7 6. Bg2 Be7 7. O-O O-O 8. e3 a5 9. Nc3 Nbd7 10. d4 Qb8 11. Qc2 a4 12. Rad1 Ra5 13. Ne5 dxc4 14. Nc6 Bxc6 15. Bxc6 cxb3 16. axb3 a3 17. Ba1 b5 18. Qe2 b4 19. Na2 Qb6 20.
Rc1 Nc5 21. dxc5 Qxc6 22. Nxb4 Qb7 23. Bc3 Rxc5 24. Nd3 Rd5 25. Nf4 Rd7 26. Qc4 Qe4 27. Qb5 c6 28. Qa6 e5 29. Ne2 Bc5 30.
Qc4 Qxc4 31. bxc4 Ne4 32. Bxe5 Nd2 33. Bd4 Bxd4 34. Nxd4 Nxf1 35. Kxf1 Ra8 36. Ra1 a2 0-1

[Event "ETCC Women 2013"]
[Site "Warsaw"]
[Date "2013.11.12"]
[Round "5"]
[White "Kaps, Darja"]
[Black "Sahl, Sheila Barth"]
[Result "1-0"]
[ECO "A03"]
[WhiteElo "2221"]
[BlackElo "2233"]
[PlyCount "47"]
[EventDate "2013.??.??"]
[EventCountry "POL"]
[WhiteTeam "Slovenia"]
[BlackTeam "Norway"]
[WhiteTeamCountry "SLO"]
[BlackTeamCountry "NOR"]
[TimeControl "40/5400+30:1800+30"]

1. f4 d5 2. b3 Bf5 3. Bb2 e6 4. Nf3 Nf6 5. e3 Nbd7 6. Be2 Be7 7. O-O h6 8. Nc3 c6 9. h3 Qc7 10. a4 O-O-O 11. Nd4 Bh7 12. a5 g5 13. a6 Bc5 14. axb7+ Kxb7 15.
Na4 Ne4 16. Nxc5+ Ndxc5 17. b4 Nd7 18. b5 Nb8 19. bxc6+ Nxc6 20. Nxc6 Qxc6 21. Bxh8 Rxh8 22. Rxa7+ Kxa7 23. Qa1+ Kb7 24. Rb1+ 1-0

[Event "ETCC Women 2013"]
[Site "Warsaw"]
[Date "2013.11.12"]
[Round "5"]
[White "Khotenashvili, Bela"]
[Black "Kursova, Maria"]
[Result "1-0"]
[ECO "E12"]
[WhiteElo "2524"]
[BlackElo "2339"]
[PlyCount "65"]
[EventDate "2013.??.??"]
[EventCountry "POL"]
[WhiteTeam "Georgia"]
[BlackTeam "Armenia"]
[WhiteTeamCountry "GEO"]
[BlackTeamCountry "ARM"]
[TimeControl "40/5400+30:1800+30"]

1. d4 Nf6 2. c4 e6 3. Nf3 b6 4. a3 Bb7 5. Nc3 d5 6. cxd5 Nxd5 7. Qc2 Be7 8.
e4 Nxc3 9. bxc3 O-O 10. Bd3 c5 11. O-O Qc7 12. Qe2 Rd8 13. Rd1 Nd7 14. a4 Nf8 15. a5 bxa5 16. Bd2 cxd4 17. cxd4 Bb4 18. Rdb1 Ng6 19. g3 Ne7 20. Bxb4 axb4 21. Rxb4 Nc6 22. Rba4 a5 23. e5 Nb4 24. Be4 Bxe4 25. Qxe4 Ra7 26. Ng5 h6 27. Qh7+ Kf8 28. Ne4 Nc2 29. Rc1 Qc6 30. Ra2 Rxd4 31. Raxc2 Qxe4 32. Rc8+ Ke7 33. Qxg7 1-0

[Event "ETCC Women 2013"]
[Site "Warsaw"]
[Date "2013.11.12"]
[Round "5"]
[White "Kiolbasa, Oliwia"]
[Black "Tsolakidou, Stavroula"]
[Result "1-0"]
[ECO "B90"]
[WhiteElo "1982"]
[BlackElo "2117"]
[PlyCount "121"]
[EventDate "2013.??.??"]
[EventCountry "POL"]
[WhiteTeam "Poland"]
[BlackTeam "Greece"]
[WhiteTeamCountry "POL"]
[BlackTeamCountry "GRE"]
[TimeControl "40/5400+30:1800+30"]

1. e4 c5 2. Nf3 d6 3. d4 cxd4 4. Nxd4 Nf6 5. Nc3 a6 6. h3 e5 7. Nde2 h5 8.
Bg5 Be6 9. Bxf6 Qxf6 10. Nd5 Qd8 11. Nec3 Be7 12. a4 Nc6 13. Bc4 Bg5 14. O-O h4 15. Ba2 O-O 16. Ne3 Nd4 17. Ncd5 b5 18. c3 Nc6 19. Nf5 Bxf5 20.
exf5 Ne7 21. Ne3 Qb6 22. Qg4 Bxe3 23. f6 Bh6 24. fxe7 Rfe8 25. Qf3 Bf4 26. Qd5 Qc7 27. Qxf7+ Kh8 28. Bd5 Rab8 29. Qg6 Qxe7 30. Be4 Kg8 31. Qh7+ Kf8 32. Bg6 Qe6 33. Bxe8 Rxe8 34. axb5 axb5 35. Ra7 Qh6 36. Qxh6 Bxh6 37. Rb7 e4 38. Rxb5 Kf7 39. Rd1 Ke6 40. Rb6 Bf4 41. Kf1 g5 42. Ke2 Kd7 43. Ra1 Kc7 44. Rba6 Rb8 45. b4 Kd7 46. Ra8 Rb6 47. R1a7+ Ke6 48. Re8+ Kf5 49. Ra5+ Be5 50. Rc8 Ke6 51. Ke3 d5 52.
Re8+ Kf6 53. Rxd5 Bxc3 54. b5 Bb4 55. Kxe4 Kf7 56. Ree5 Bc3 57.
Rxg5 Bf6 58. Rg4 Ke6 59. Rg6 Kf7 60. Kf5 Ke7 61. Rc5 1-0

[Event "ETCC Women 2013"]
[Site "Warsaw"]
[Date "2013.11.12"]
[Round "5"]
[White "Klinova, Masha"]
[Black "Dworakowska, Joanna"]
[Result "0-1"]
[ECO "B40"]
[WhiteElo "2291"]
[BlackElo "2326"]
[PlyCount "40"]
[EventDate "2013.??.??"]
[EventCountry "POL"]
[WhiteTeam "Israel"]
[BlackTeam "Poland"]
[WhiteTeamCountry "ISR"]
[BlackTeamCountry "POL"]
[TimeControl "40/5400+30:1800+30"]

1. e4 c5 2. Nf3 e6 3. c4 Nc6 4. Nc3 Nd4 5. Nxd4 cxd4 6. Ne2 Nf6 7. Ng3 h5 8. h4
Qa5 9. Bd3 g5 10. Qf3 Rh6 11. a3 gxh4 12. Rxh4 Qg5 13. Rh1 Ng4 14. Be2 Ne5 15.
Qb3 d3 16. Rxh5 Rxh5 17. Bxh5 Bc5 18. Qd1 Qf4 19. Bf3 Ng4 20. Kf1 Nxf2 0-1

[Event "ETCC Women 2013"]
[Site "Warsaw"]
[Date "2013.11.12"]
[Round "5"]
[White "Kristinardottir, Elsa Maria"]
[Black "Messina, Roberta"]
[Result "0-1"]
[ECO "B52"]
[WhiteElo "1819"]
[BlackElo "2064"]
[PlyCount "98"]
[EventDate "2013.??.??"]
[EventCountry "POL"]
[WhiteTeam "Iceland"]
[BlackTeam "Italy"]
[WhiteTeamCountry "ISL"]
[BlackTeamCountry "ITA"]
[TimeControl "40/5400+30:1800+30"]

1. e4 c5 2. Nf3 d6 3. Bb5+ Bd7 4. Bxd7+ Qxd7 5. O-O Nc6 6. c3 Nf6 7. d4 cxd4 8. cxd4 d5 9. e5 Ne4 10. Ne1 h6 11. Be3 Na5 12. f3 Ng5 13.
Nd3 e6 14. Nc3 Rc8 15. Rc1 Nc4 16. Bf2 Be7 17. b3 Na5 18. Na4 b6 19. Rxc8+ Qxc8 20. Qc1 Qxc1 21. Rxc1 Kd7 22. Be3 f6 23. Nf4 Ba3 24. Rc2 fxe5 25. Ng6 Rc8 26. Nxe5+ Kd8 27. Bxg5+ hxg5 28. Nf7+ Kd7 29. Rxc8 Kxc8 30. Nxg5 Kd7 31. Nf7 Nc6 32. Ne5+ Nxe5 33. dxe5 d4 34. b4 Kc6 35. f4 g6 36. g4 Kd5 37. Kf2 Ke4 38. f5 gxf5 39. g5 Kxe5 40.
h4 Bc1 41. Kf3 Kd5 42. g6 Bh6 43. Nb2 e5 44. Ke2 e4 45. Nd1 Kc4 46. Nf2 Kc3 47. Kd1 e3 48. Nh3 d3 49. Nf4 Bxf4 0-1

[Event "ETCC Women 2013"]
[Site "Warsaw"]
[Date "2013.11.12"]
[Round "5"]
[White "Kulovana, Eva"]
[Black "Seps, Monika"]
[Result "0-1"]
[ECO "B92"]
[WhiteElo "2263"]
[BlackElo "2260"]
[PlyCount "82"]
[EventDate "2013.??.??"]
[EventCountry "POL"]
[WhiteTeam "Czech Republic"]
[BlackTeam "Switzerland"]
[WhiteTeamCountry "CZE"]
[BlackTeamCountry "SUI"]
[TimeControl "40/5400+30:1800+30"]

1. e4 c5 2. Nf3 d6 3. d4 cxd4 4. Nxd4 Nf6 5. Nc3 a6 6. Be2 e5 7. Nb3 Be7 8.
O-O O-O 9. Re1 Nc6 10. Bf3 a5 11. a4 Nb4 12. h3 Be6 13. Bg5 Ne8 14. Bxe7 Qxe7 15. Nb5 Nc7 16. c3 Nxb5 17. axb5 Bxb3 18. Qxb3 Nd3 19. Red1 Nf4 20. b6 Qf6 21. Kh2 h5 22. Rd2 Nxg2 23. Qd1 Nh4 24. Bxh5 Qf4+ 25. Kh1 Qxe4+ 26. f3 Qh7 27. f4 Qe4+ 28. Kg1 g6 29. Bg4 f5 30. Re2 Qxf4 31. Qd5+ Kg7 32. Qxd6 Qg3+ 33. Kh1 fxg4 34. Qxe5+ Qxe5 35. Rxe5 gxh3 36. Re7+ Rf7 37. Rxf7+ Kxf7 38.
Kh2 Ra6 39. Kxh3 Nf5 40. b4 Rxb6 41. Rxa5 Rc6 0-1

[Event "ETCC Women 2013"]
[Site "Warsaw"]
[Date "2013.11.12"]
[Round "5"]
[White "Lagno, Kateryna"]
[Black "Socko, Monika"]
[Result "1-0"]
[ECO "C11"]
[WhiteElo "2542"]
[BlackElo "2431"]
[PlyCount "71"]
[EventDate "2013.??.??"]
[EventCountry "POL"]
[WhiteTeam "Ukraine"]
[BlackTeam "Poland"]
[WhiteTeamCountry "UKR"]
[BlackTeamCountry "POL"]
[TimeControl "40/5400+30:1800+30"]

1. e4 e6 2. d4 d5 3. Nc3 Nf6 4. e5 Nfd7 5. f4 c5 6. Nf3 Nc6 7. Be3 Be7 8.
Qd2 O-O 9. Be2 a6 10. O-O b5 11. a3 Qb6 12. Nd1 f5 13. c3 Na5 14. Qe1 Nb3 15. Rb1 a5 16. Bd3 b4 17. Bc2 bxa3 18. bxa3 a4 19. Kh1 Qa5 20.
Rg1 cxd4 21. Nxd4 Nxd4 22. Bxd4 Nc5 23. g4 Ne4 24. Ne3 Qd8 25.
Qe2 Ba6 26. Qf3 fxg4 27. Nxg4 Bg5 28. Nf6+ Bxf6 29. exf6 g6 30. f5 exf5 31. Qxf5 Rxf6 32. Bxf6 Nxf6 33. Qe6+ Kg7 34. Bxg6 Bc8 35.
Qf7+ Kh8 36. Bf5 1-0

[Event "ETCC Women 2013"]
[Site "Warsaw"]
[Date "2013.11.12"]
[Round "5"]
[White "L'Ami, Alina"]
[Black "Lanchava, Tea"]
[Result "1-0"]
[ECO "A41"]
[WhiteElo "2361"]
[BlackElo "2289"]
[PlyCount "85"]
[EventDate "2013.??.??"]
[EventCountry "POL"]
[WhiteTeam "Romania"]
[BlackTeam "Netherlands"]
[WhiteTeamCountry "ROU"]
[BlackTeamCountry "NED"]
[TimeControl "40/5400+30:1800+30"]

1. d4 d6 2. c4 f5 3. Nc3 Nf6 4. Bg5 Ne4 5. Nxe4 fxe4 6. Qc2 d5 7. e3 c6 8. cxd5 cxd5 9. Ne2 Nc6 10. Nc3 h6 11. Bf4 g5 12. Bg3 Bg7 13.
Be2 h5 14. h4 g4 15. Nb5 e5 16. Bxe5 Bxe5 17. dxe5 O-O 18. Rd1 Be6 19. Nd4 Qe7 20. Nxc6 bxc6 21. Qxc6 Rac8 22. Qa4 g3 23. f4 exf3 24. gxf3 Rc4 25. Bxc4 g2 26. Rg1 Qxh4+ 27. Kd2 Qf2+ 28. Be2 Rxf3 29. Qe8+ Kg7 30. Qe7+ Kh8 31. Qxe6 Qxe3+ 32. Kc2 Qxe2+ 33.
Kb1 Rf2 34. Qc8+ Kh7 35. Qb7+ Kh6 36. Qc6+ Kh7 37. Qc3 Qe4+ 38.
Ka1 h4 39. Rde1 Qf5 40. Qc7+ Kh6 41. e6 Rc2 42. Qxc2 Qxc2 43. e7 1-0

[Event "ETCC Women 2013"]
[Site "Warsaw"]
[Date "2013.11.12"]
[Round "5"]
[White "Mamedjarova, Turkan"]
[Black "Benmesbah, Natacha"]
[Result "1-0"]
[ECO "A74"]
[WhiteElo "2250"]
[BlackElo "2248"]
[PlyCount "133"]
[EventDate "2013.??.??"]
[EventCountry "POL"]
[WhiteTeam "Azerbaijan"]
[BlackTeam "France"]
[WhiteTeamCountry "AZE"]
[BlackTeamCountry "FRA"]
[TimeControl "40/5400+30:1800+30"]

1. d4 Nf6 2. c4 c5 3. d5 e6 4. Nc3 exd5 5. cxd5 d6 6. e4 g6 7. Be2 Bg7 8. Nf3 O-O 9. O-O a6 10. a4 Nbd7 11. Nd2 Ne5 12. h3 g5 13. Nf3 Nxf3+ 14. Bxf3 Nd7 15. Ne2 Ne5 16. Ng3 h6 17. Bg4 Nxg4 18. hxg4 Be5 19. Nf5 Bxf5 20. gxf5 Qf6 21. Qh5 Bd4 22. Ra3 Rfe8 23. Rh3 Rxe4 24. Qxh6 Qxh6 25. Rxh6 f6 26. Kh2 Kg7 27. Rg6+ Kf7 28. Kg3 Re5 29. Kg4 Rh8 30. g3 Re2 31. f4 gxf4 32. Bxf4 Be5 33. Bh6 Rg8 34. Rxg8 Kxg8 35. b3 Re4+ 36. Bf4 Rb4 37. Kh5 Bxf4 38. gxf4 Kf7 39. Kg4 Rxb3 40. Rh1 Kg7 41. Re1 b5 42. a5 c4 43. Re7+ Kg8 44. Ra7 b4 45.
Kh5 Rg3 46. Rxa6 Rg7 47. Rb6 c3 48. Rxb4 Rc7 49. Kg6 Kf8 50. Kxf6 Ke8 51. Ke6 Kd8 52. Rb8+ Rc8 53. Rxc8+ Kxc8 54. f6 c2 55. f7 c1=Q 56. f8=Q+ Kb7 57. Qxd6 Qe1+ 58. Qe5 Qxa5 59. d6 Qa6 60. f5 Kc6 61. Qc3+ Kb7 62. Qb4+ Ka8 63. Qe4+ Kb8 64. Ke7 Qa7+ 65. d7 Qc5+ 66. Ke8 Qb5 67. Qb4 1-0

[Event "ETCC Women 2013"]
[Site "Warsaw"]
[Date "2013.11.12"]
[Round "5"]
[White "Mamedjarova, Zeinab"]
[Black "Milliet, Sophie"]
[Result "1/2-1/2"]
[ECO "D05"]
[WhiteElo "2236"]
[BlackElo "2383"]
[PlyCount "146"]
[EventDate "2013.??.??"]
[EventCountry "POL"]
[WhiteTeam "Azerbaijan"]
[BlackTeam "France"]
[WhiteTeamCountry "AZE"]
[BlackTeamCountry "FRA"]
[TimeControl "40/5400+30:1800+30"]

1. d4 Nf6 2. Nf3 e6 3. e3 d5 4. Bd3 c5 5. O-O c4 6. Be2 b5 7. b3 Bb7 8. a4 a6 9. Ne5 Bd6 10. f4 O-O 11. Bd2 Ne4 12. Bf3 Nxd2 13. Qxd2 f6 14. Ng4 Nd7 15.
bxc4 bxc4 16. c3 Qc7 17. g3 Bc6 18. Qc2 f5 19. Ne5 Nxe5 20. fxe5 Be7 21. Nd2 Bg5 22. Kf2 Rab8 23. Rfb1 a5 24. Qa2 Qd7 25. Bd1 Be7 26. Nf3 Rfc8 27. Ne1 g5 28. Nf3 Qe8 29. Qc2 Kg7 30. Qa2 Qh5 31. Kg1 Qh6 32. Qd2 Kh8 33. Ne1 Qf8 34. Ng2 Rxb1 35. Rxb1 Rb8 36. Rxb8 Qxb8 37. Qc1 Kg7 38. Kf2 Be8 39. Ne1 Bd7 40. Ng2 Be8 41. Kg1 Qb7 42.
Kf2 h6 43. Ke1 Bc6 44. Kf2 Qb8 45. Ke1 Bf8 46. Kf2 Qe8 47. Qc2 Qe7 48. Qb2 Qb7 49. Qxb7+ Bxb7 50. Ke1 Ba3 51. Kd2 Bc6 52. Ne1 Kg6 53. Nc2 Be7 54. Ne1 Bd7 55. Ng2 Ba3 56. Bc2 Kg7 57. Bd1 Be8 58. Ne1 Bf8 59. Ng2 Be7 60. Ke1 Bd7 61. Kd2 Ba3 62. Ne1 Kg6 63. Ng2 Be7 64.
Ke1 Bf8 65. Kd2 Ba3 66. Ne1 Bf8 67. Ng2 h5 68. h4 Bh6 69. hxg5 Bxg5 70. Nf4+ Bxf4 71. exf4 Kh6 72. Ke3 Be8 73. Kf2 Bf7 1/2-1/2

[Event "ETCC Women 2013"]
[Site "Warsaw"]
[Date "2013.11.12"]
[Round "5"]
[White "Michna, Marta"]
[Black "Girya, Olga"]
[Result "1/2-1/2"]
[ECO "A06"]
[WhiteElo "2357"]
[BlackElo "2447"]
[PlyCount "137"]
[EventDate "2013.??.??"]
[EventCountry "POL"]
[WhiteTeam "Germany"]
[BlackTeam "Russia"]
[WhiteTeamCountry "GER"]
[BlackTeamCountry "RUS"]
[TimeControl "40/5400+30:1800+30"]

1. Nf3 d5 2. g3 c6 3. Bg2 Bg4 4. d3 Nd7 5. O-O Ngf6 6. Qe1 e5 7. e4 dxe4 8.
dxe4 Bc5 9. Nbd2 O-O 10. h3 Bh5 11. Nc4 Re8 12. Nh4 Qc7 13. Bg5 Re6 14. a4 Nb6 15. Nd2 Ne8 16. a5 Nd7 17. Nb3 Bf8 18. Be3 Nd6 19. Nf5 f6 20.
Nxd6 Bxd6 21. Qc3 Ree8 22. Rfe1 Nf8 23. Nc5 Bxc5 24. Bxc5 Ne6 25. Qe3 Nxc5 26. Qxc5 Red8 27. Bf1 Qd6 28. Qxd6 Rxd6 29. Bc4+ Kf8 30. Ra3 Rad8 31. Rd3 Ke7 32. Kg2 Rd4 33. b3 Rxd3 34. Bxd3 Bf7 35. Kf3 c5 36. Ke3 Kd6 37. h4 Kc6 38. Rb1 b6 39. axb6 axb6 40.
Ra1 Kb7 41. Bb5 Rd4 42. f3 Be6 43. Ba6+ Kc6 44. Be2 Kb7 45. Ba6+ Kb8 46. Be2 Rd7 47. Bb5 Ra7 48. Rxa7 Kxa7 49. Bc6 Kb8 50. Bd5 Bd7 51. Bg8 h6 52. h5 Kc7 53. g4 Kd6 54. Bf7 Bb5 55. c4 Bd7 56. Bd5 Kc7 57.
Kd2 Be8 58. Ke3 Kb8 59. Be6 Kb7 60. f4 g5 61. fxe5 fxe5 62. Kd3 Ka6 63. Kc3 Ka5 64. Bc8 Bf7 65. Bd7 Bg8 66. Bf5 b5 67. cxb5 Kxb5 68. Bg6 Kb6 69. Bf5 1/2-1/2

[Event "ETCC Women 2013"]
[Site "Warsaw"]
[Date "2013.11.12"]
[Round "5"]
[White "Muzychuk, Mariya"]
[Black "Rajlich, Iweta"]
[Result "1-0"]
[ECO "A45"]
[WhiteElo "2491"]
[BlackElo "2404"]
[PlyCount "115"]
[EventDate "2013.??.??"]
[EventCountry "POL"]
[WhiteTeam "Ukraine"]
[BlackTeam "Poland"]
[WhiteTeamCountry "UKR"]
[BlackTeamCountry "POL"]
[TimeControl "40/5400+30:1800+30"]

1. d4 Nf6 2. Bg5 d5 3. Bxf6 gxf6 4. Nf3 c6 5. e3 Qb6 6. Qc1 Bg4 7. Nbd2 Nd7 8. h3 Bh5 9. Bd3 e6 10. O-O Bd6 11. c4 Bxf3 12. Nxf3 dxc4 13. Bxc4 Qa5 14. Nd2 Rg8 15. Be2 Qg5 16. Bf3 f5 17. Nc4 Bc7 18.
b4 Rg6 19. Rd1 f4 20. e4 e5 21. d5 Rd8 22. Qc3 Kf8 23. a4 Kg8 24. Rd2 c5 25.
bxc5 Nxc5 26. d6 Bb8 27. Rd5 Nd7 28. Rb1 b6 29. a5 Rc8 30. Qb4 Kh8 31. axb6 axb6 32. Qb5 Qd8 33. Bg4 Rxc4 34. Qxc4 Nf6 35. Rd3 Kg7 36. Bf5 Rg5 37. Qc8 Qxc8 38. Bxc8 f3 39. g3 Nxe4 40. d7 Bc7 41. d8=Q Bxd8 42. Rxd8 Nc3 43. Rxb6 e4 44. Bb7 Ra5 45. Ra8 Ne2+ 46. Kh2 Re5 47. Ra3 f5 48. Ba6 f4 49. gxf4 Nxf4 50. Bc4 Ng6 51. Ra7+ Kh6 52. Rbb7 Rf5 53. Rxh7+ Kg5 54. Ra1 Kf4 55. Rg1 Rf6 56. Rh6 Rc6 57.
Rgxg6 Rxc4 58. Rh5 1-0

[Event "ETCC Women 2013"]
[Site "Warsaw"]
[Date "2013.11.12"]
[Round "5"]
[White "Newrkla, Katharina"]
[Black "Stetsko, Lanita"]
[Result "1-0"]
[ECO "C95"]
[WhiteElo "2173"]
[BlackElo "2226"]
[PlyCount "79"]
[EventDate "2013.??.??"]
[EventCountry "POL"]
[WhiteTeam "Austria"]
[BlackTeam "Belarus"]
[WhiteTeamCountry "AUT"]
[BlackTeamCountry "BLR"]
[TimeControl "40/5400+30:1800+30"]

1. e4 e5 2. Nf3 Nc6 3. Bb5 a6 4. Ba4 Nf6 5. O-O Be7 6. Re1 b5 7. Bb3 d6 8. c3 O-O 9. h3 Nb8 10. d4 Nbd7 11. Nbd2 Bb7 12. Bc2 Re8 13. a4 Bf8 14. Bd3 c6 15. b4 Rc8 16. Bb2 Nb6 17. axb5 cxb5 18. d5 Rc7 19. Qc2 Qc8 20. Ra3 Nh5 21. Bf1 f5 22. exf5 Bxd5 23. Rea1 Bb7 24. Ng5 h6 25. Ne6 Rf7 26. c4 bxc4 27. Nxc4 Nd5 28. Qd1 Nhf4 29. Nxf8 Qxf5 30. Nxd6 Nxh3+ 31. Rxh3 Qxf2+ 32. Kh1 Nf4 33. Rh2 Rexf8 34. Nxf7 Qxb2 35. Rb1 Qf2 36. Nxe5 Be4 37. Rc1 Qg3 38. Qe1 Qg5 39. Qxe4 Nh3 40. Qc4+ 1-0